[Event "98th Caplin Hastings Masters 2024-25"]
[Site "Hastings"]
[Date "2024.12.30"]
[Round "4.28"]
[White "Li, Jack"]
[Black "Rayner, Francis"]
[Result "1-0"]
[ECO "B28"]
[WhiteElo "1717"]
[BlackElo "2013"]
[Annotator "RC"]
[PlyCount "75"]
[EventDate "2024.12.23"]
[EventType "swiss"]
[EventCountry "ENG"]
[SourceTitle "playchess.com"]
[Source "ChessBase"]
[SourceQuality "1"]
[TimeControl "5400+30"]

1. e4 c5 2. Nf3 a6 3. c3 d6 4. d4 Nf6 5. Bd3 cxd4 6. cxd4 g6 7. e5 dxe5 8. dxe5 Nd5 9. Be4 Be6 10. O-O Nc6 11. Qd2 Bg7 12. Rd1 Nb6 13. Qc2 Qc7 14. Nd4 O-O 15. Nxe6 fxe6 16. f4 Rad8 17. Rxd8 Rxd8 18. Nc3 Nd5 19. Qf2 Ncb4 20. Bd2 Qc4 21. b3 Qc7 22. Nxd5 Nxd5 23. Rc1 Qd7 24. g3 Rc8 25. Rxc8+ Qxc8 26. Qd4 Qc6 27. Kf2 Qb5 28. Bd3 Qc6 29. h4 Kf7 30. a4 Qb6 31. Qxb6 Nxb6 32. Ke3 h6 33. Kd4 Nd7 34. Be4 b6 35. a5 bxa5 36. Bxa5 g5 37. h5 gxf4 38. gxf4 1-0

[Event "98th Caplin Hastings Masters 2024-25"]
[Site "Hastings"]
[Date "2024.12.30"]
[Round "4.29"]
[White "Malinovskii, Ilia"]
[Black "Kolani, Arjun"]
[Result "1/2-1/2"]
[ECO "C28"]
[WhiteElo "2003"]
[BlackElo "2131"]
[Annotator "NA"]
[PlyCount "89"]
[EventDate "2024.12.23"]
[EventType "swiss"]
[EventCountry "ENG"]
[SourceTitle "playchess.com"]
[Source "ChessBase"]
[SourceQuality "1"]
[TimeControl "5400+30"]

1. e4 e5 2. Nc3 Nf6 3. Bc4 Nc6 4. d3 Bc5 5. f4 d6 6. Nf3 exf4 7. Bxf4 O-O {[%emt 0:00:27] is recently more successful than 7...Bg4. C28: Vienna Game: 2...Nf6 3 Bc4 Nc6.} 8. d4 Bb6 9. Bg5 h6 10. Bxf6 Qxf6 11. Nd5 Qd8 $146 ({Predecessor:} 11... Qg6 12. O-O Bg4 13. c3 Qxe4 14. h3 Ne5 15. Nxb6 axb6 16. dxe5 Bxf3 17. Qxf3 Qxc4 18. exd6 {½-½ Fecker,N (2388)-Mladek,R (2436) Mitropa Cup Mali Losinj 2023 (2.3)}) 12. O-O Ne7 13. Nf4 c6 14. Bd3 c5 15. c3 Bg4 16. Bc2 cxd4 17. cxd4 Nc6 18. Ne2 f5 19. Bb3+ Kh7 20. exf5 Bxf5 21. Kh1 Be4 22. d5 Ne5 23. Bc2 Bxc2 24. Qxc2+ Kg8 25. Nxe5 dxe5 26. Qe4 Qd6 27. Ng3 g6 28. Qh4 Kg7 29. Qg4 Rxf1+ 30. Rxf1 Rf8 31. Rxf8 Qxf8 32. d6 h5 33. Qg5 Qd8 34. Qd2 Bd4 35. Ne4 Qf8 36. Qc1 Qf5 37. Ng3 Qd3 38. d7 Bb6 39. Qe1 Qxd7 40. Qxe5+ Kh7 41. Qe1 Qd4 42. Qe7+ Qg7 43. Qe2 Qd4 44. Qe7+ Qg7 45. Qe2 $11 1/2-1/2

[Event "98th Caplin Hastings Masters 2024-25"]
[Site "Hastings"]
[Date "2024.12.30"]
[Round "4.30"]
[White "Zhu, Yaoyao"]
[Black "Patel, Zain"]
[Result "0-1"]
[ECO "C50"]
[WhiteElo "1990"]
[BlackElo "2099"]
[Annotator "RC"]
[PlyCount "78"]
[EventDate "2024.12.23"]
[EventType "swiss"]
[EventCountry "ENG"]
[SourceTitle "playchess.com"]
[Source "ChessBase"]
[SourceQuality "1"]
[TimeControl "5400+30"]

1. e4 e5 2. Nf3 Nc6 3. Bc4 Nf6 4. d3 Bc5 5. Nc3 O-O 6. a3 a5 7. h3 h6 8. g4 Nh7 9. Rg1 Nd4 10. Be3 Nxf3+ 11. Qxf3 Bxe3 12. Qxe3 c6 13. Qg3 b5 14. Bb3 a4 15. Ba2 Qe7 16. h4 b4 17. axb4 g6 18. Bc4 Qxb4 19. Kd2 Ra5 20. g5 h5 21. Rgf1 Bb7 22. f4 d5 23. Ba2 d4 24. fxe5 a3 25. Rxf7 Rxf7 26. Rf1 axb2 27. Bxf7+ Kh8 28. Bb3 dxc3+ 29. Ke2 Ba6 30. Qf4 Qe7 31. e6 Rb5 32. Qe3 Qd6 33. e7 Rb8 34. Qa7 c5 35. Rf7 Re8 36. Rf1 Qh2+ 37. Rf2 Qb8 38. Qxa6 b1=Q 39. Qxg6 c4 0-1

[Event "98th Caplin Hastings Masters 2024-25"]
[Site "Hastings"]
[Date "2024.12.30"]
[Round "4.31"]
[White "Chandler, Cliff R"]
[Black "Gu In-Jung"]
[Result "0-1"]
[ECO "B20"]
[WhiteElo "2161"]
[BlackElo "1987"]
[Annotator "RC"]
[PlyCount "74"]
[EventDate "2024.12.23"]
[EventType "swiss"]
[EventCountry "ENG"]
[SourceTitle "playchess.com"]
[Source "ChessBase"]
[SourceQuality "1"]
[TimeControl "5400+30"]

1. e4 c5 2. b4 cxb4 3. a3 d5 4. exd5 Qxd5 5. Nf3 e5 6. c4 Qd8 7. Bb2 f6 8. Be2 Nc6 9. O-O bxa3 10. Nxa3 Bc5 11. d4 exd4 12. Nb5 Nge7 13. Nfxd4 Nxd4 14. Nxd4 O-O 15. Nb3 Bb4 16. Bf3 a5 17. Nd4 Rb8 18. Qe2 Qb6 19. Nb5 Bd7 20. Bd4 Qe6 21. Qxe6+ Bxe6 22. Rfc1 b6 23. Nc7 Bc8 24. c5 Nf5 25. Bc3 bxc5 26. Bxb4 cxb4 27. Rxa5 Nd4 28. Rd5 Nxf3+ 29. gxf3 Bb7 30. Rd3 Rfc8 31. Kg2 h6 32. Rd7 b3 33. Re1 Bc6 34. Rde7 b2 35. Ne6 b1=Q 36. Rxb1 Rxb1 37. Rxg7+ Kh8 0-1

[Event "98th Caplin Hastings Masters 2024-25"]
[Site "Hastings"]
[Date "2024.12.30"]
[Round "4.32"]
[White "Briem, Benedikt"]
[Black "Sciupokas, Arunas"]
[Result "1-0"]
[ECO "D02"]
[WhiteElo "2132"]
[BlackElo "1969"]
[Annotator "RC"]
[PlyCount "77"]
[EventDate "2024.12.23"]
[EventType "swiss"]
[EventCountry "ENG"]
[SourceTitle "playchess.com"]
[Source "ChessBase"]
[SourceQuality "1"]
[TimeControl "5400+30"]

1. d4 Nc6 2. Nf3 d5 3. Bf4 Nf6 4. h3 e6 5. e3 Bd6 6. Bxd6 Qxd6 7. Nbd2 O-O 8. c3 e5 9. dxe5 Nxe5 10. Nxe5 Qxe5 11. Nf3 Qe7 12. Bd3 c5 13. O-O b6 14. Qe2 Bb7 15. Ba6 Bc6 16. a4 Rab8 17. Bb5 Qc7 18. Rfd1 a5 19. Bxc6 Qxc6 20. c4 Rfd8 21. cxd5 Rxd5 22. Rxd5 Qxd5 23. Nd2 Rd8 24. Nc4 Qe6 25. Rd1 Rxd1+ 26. Qxd1 h6 27. b3 Nd7 28. Qf3 Kh7 29. Qb7 g6 30. e4 g5 31. Qc7 Kg7 32. f3 h5 33. Qd8 f6 34. Ne3 Qf7 35. Nd5 Qe6 36. Nc7 Qf7 37. Ne8+ Kh7 38. Qxd7 Kg6 39. Qd8 1-0

[Event "98th Caplin Hastings Masters 2024-25"]
[Site "Hastings"]
[Date "2024.12.30"]
[Round "4.33"]
[White "Brown, Tom"]
[Black "Mikalajunas, Kajus"]
[Result "1-0"]
[ECO "D20"]
[WhiteElo "1932"]
[BlackElo "1941"]
[Annotator "RC"]
[PlyCount "89"]
[EventDate "2024.12.23"]
[EventType "swiss"]
[EventCountry "ENG"]
[SourceTitle "playchess.com"]
[Source "ChessBase"]
[SourceQuality "1"]
[TimeControl "5400+30"]

1. d4 d5 2. c4 dxc4 3. e3 e5 4. Bxc4 exd4 5. exd4 Bd6 6. Nf3 Nf6 7. Qe2+ Be7 8. O-O O-O 9. Nc3 Nc6 10. h3 h6 11. Rd1 Bd6 12. Ne5 Qe8 13. Bf4 Nd7 14. Nxc6 bxc6 15. Qf3 Nb6 16. Bd3 Be6 17. Be4 Bd7 18. Re1 Qc8 19. Bc2 Qd8 20. Qd3 f5 21. Be5 Bxe5 22. Rxe5 Qf6 23. Rae1 Rad8 24. Ne2 Nd5 25. Bb3 Kh8 26. Bxd5 cxd5 27. Nf4 c6 28. Qg3 g5 29. Ne6 Bxe6 30. Rxe6 Qg7 31. Rxc6 Rf6 32. Qc7 Rdf8 33. Qxg7+ Kxg7 34. Rc7+ Kg6 35. Rxa7 Rc8 36. b4 Rc4 37. Rb1 Rxd4 38. b5 Rb6 39. a4 Kf6 40. a5 Rb8 41. b6 Re4 42. b7 Re6 43. Ra8 Ree8 44. Rxb8 Rxb8 45. a6 1-0

[Event "98th Caplin Hastings Masters 2024-25"]
[Site "Hastings"]
[Date "2024.12.30"]
[Round "4.34"]
[White "Hu, Junyan"]
[Black "Zhang, Junyi"]
[Result "0-1"]
[ECO "B13"]
[WhiteElo "1933"]
[BlackElo "2070"]
[Annotator "NA RC"]
[PlyCount "120"]
[EventDate "2024.12.23"]
[EventType "swiss"]
[EventCountry "ENG"]
[SourceTitle "playchess.com"]
[Source "ChessBase"]
[SourceQuality "1"]
[TimeControl "5400+30"]

1. e4 c6 2. d4 d5 3. exd5 cxd5 4. Bd3 Nc6 5. c3 Nf6 6. h3 e6 7. Nf3 Bd6 8. O-O O-O 9. Re1 Qc7 10. Qc2 h6 11. Nbd2 Bd7 12. Nb3 Rfc8 13. Qe2 a5 14. Ne5 a4 15. Nd2 Na5 16. Ndf3 Rab8 17. Bb1 a3 18. Qd3 Nc4 19. Nxc4 Qxc4 20. Ne5 Qxd3 21. Bxd3 b5 22. Rb1 b4 23. Ba6 Rd8 24. Bd3 Rdc8 25. Ba6 Rc7 26. bxa3 Ra8 27. Bf1 bxc3 28. Nxd7 Nxd7 29. Rb3 e5 30. dxe5 Bxe5 31. a4 Bf6 32. Bb5 Nc5 33. Ra3 d4 34. a5 d3 35. Rd1 d2 36. Bxd2 cxd2 37. Rxd2 Rca7 38. Rc2 Be7 39. Re2 Ne6 40. Rae3 Rxa5 41. Bc4 Bc5 42. Re5 Nf4 43. R2e4 g5 44. Rf5 Bxf2+ 45. Kxf2 Rxf5 46. Re1 Nd3+ 47. Ke3 Nxe1 48. Bd3 Ra3 49. g4 Re5+ 50. Kd4 Nxd3 51. h4 gxh4 52. g5 Ra4+ 53. Kc3 Nc5 54. a3 Re3+ 55. Kd2 Rh3 56. g6 Raxa3 57. gxf7+ Kf8 58. Kc2 Rh2+ 59. Kb1 Ne4 60. Kc1 Ra1# 0-1

[Event "98th Caplin Hastings Masters 2024-25"]
[Site "Hastings"]
[Date "2024.12.30"]
[Round "4.35"]
[White "Dette, Jan"]
[Black "Sasikumar, Srivathsan"]
[Result "0-1"]
[ECO "B23"]
[WhiteElo "2102"]
[BlackElo "1904"]
[Annotator "ChessBase"]
[PlyCount "128"]
[EventDate "2024.12.23"]
[EventType "swiss"]
[EventCountry "ENG"]
[SourceTitle "playchess.com"]
[Source "ChessBase"]
[SourceQuality "1"]
[TimeControl "5400+30"]

1. e4 c5 2. Nc3 Nc6 3. Bb5 e6 4. Bxc6 bxc6 5. d3 d6 6. f4 e5 7. fxe5 dxe5 8. Nf3 Bd6 9. O-O Ne7 10. Ng5 f6 11. Nf3 Ng6 12. Be3 O-O 13. Qe1 Be6 14. b3 Qe7 15. Na4 Nf4 16. Qf2 Bg4 17. Bxc5 Bh3 18. Bxd6 Qxd6 19. Qc5 Qxc5+ 20. Nxc5 Bxg2 21. Rf2 Bh3 22. Kh1 Rfd8 23. Nb7 Rd7 24. Na5 Rc8 25. Nc4 g5 26. Ng1 Bg4 27. Ne3 Be6 28. Ne2 h5 29. Ng3 Kf7 30. Ngf5 Bxf5 31. Nxf5 Ke6 32. Rd1 c5 33. Rfd2 Rcd8 34. Kg1 Rg8 35. Kf2 h4 36. c3 Rgd8 37. d4 cxd4 38. cxd4 exd4 39. Nxd4+ Kf7 40. Ke3 Kg6 41. a4 Kh5 42. a5 Kg4 43. b4 Kh3 44. b5 Ng2+ 45. Kf2 Nf4 46. b6 axb6 47. a6 Ne6 48. Rd3+ Kg4 49. h3+ Kh5 50. a7 Nxd4 51. Rxd4 Rxd4 52. Rxd4 Ra8 53. Rd7 Kg6 54. Ke3 b5 55. Kd4 g4 56. Ke3 g3 57. Kf4 g2 58. Rd1 Rxa7 59. Kg4 Ra2 60. Kxh4 b4 61. Kg3 b3 62. Rb1 Rc2 63. Kh2 g1=Q+ 64. Kxg1 b2 0-1

[Event "98th Caplin Hastings Masters 2024-25"]
[Site "Hastings"]
[Date "2024.12.30"]
[Round "4.36"]
[White "Verbin, Valentina"]
[Black "Rastogi, Nayan Keats"]
[Result "1/2-1/2"]
[ECO "A07"]
[WhiteElo "2093"]
[BlackElo "1892"]
[Annotator "NA"]
[PlyCount "219"]
[EventDate "2024.12.23"]
[EventType "swiss"]
[EventCountry "ENG"]
[SourceTitle "playchess.com"]
[Source "ChessBase"]
[SourceQuality "1"]
[TimeControl "5400+30"]

1. Nf3 Nf6 2. g3 d5 3. Bg2 c6 4. O-O Bf5 5. d3 Nbd7 6. Nh4 e6 7. Nxf5 exf5 8. c4 g6 9. cxd5 Nxd5 10. e4 fxe4 11. dxe4 N5b6 12. a4 Bg7 13. a5 Nc4 14. Bh3 Nc5 15. Qe1 Nxb2 16. Bxb2 Bxb2 17. Ra2 Bg7 18. Qb4 Qd4 19. Qa3 O-O 20. Rd2 Qe5 21. f4 Qh5 22. Bg2 Na6 23. e5 Rfd8 24. Qe7 Rxd2 25. Nxd2 Rb8 26. Ne4 Qf5 27. Nd6 Qe6 28. Qxe6 fxe6 29. Rb1 b6 30. Bxc6 bxa5 31. Ra1 Rb6 32. Nc8 Rb4 33. Rxa5 Nb8 34. Ne7+ Kf8 35. Rxa7 Rb6 36. Bf3 g5 37. Nc8 Rb1+ 38. Kg2 gxf4 39. gxf4 Bh6 40. Nd6 Rb6 41. Rxh7 Bg7 42. Bg4 Rb4 43. Kg3 Kg8 44. Rh3 Rb3+ 45. Kh4 Rb4 46. Bxe6+ Kf8 47. Rb3 Rxf4+ 48. Kg5 Bxe5 49. Rxb8+ Ke7 50. Nf5+ Kxe6 51. Re8+ Kd5 52. Ne7+ Kd6 53. Nc8+ Kd5 54. Ne7+ Kd6 55. Nf5+ Kd5 56. Ne3+ Kd4 57. Ng4 Rxg4+ 58. Kxg4 Bxh2 59. Kf3 Bd6 60. Re1 Kd5 61. Re4 Be5 62. Rh4 Bd6 63. Ke3 Be5 64. Rh5 Kd6 65. Ke4 Bg7 66. Rh7 Bb2 67. Rh2 Bg7 68. Rh5 Ke6 69. Rg5 Bb2 70. Rg6+ Kd7 71. Kd5 Ba3 72. Rg7+ Be7 73. Rh7 Kd8 74. Ke6 Ba3 75. Rd7+ Kc8 76. Rd3 Bb4 77. Rd4 Be1 78. Rd7 Bg3 79. Rg7 Bh2 80. Kd5 Kb8 81. Kc6 Ka8 82. Rh7 Bg3 83. Rh8+ Bb8 84. Rg8 Ka7 85. Rg4 Ka8 86. Ra4+ Ba7 87. Re4 Bb8 88. Kb6 Ba7+ 89. Ka6 Bb8 90. Rh4 Ba7 91. Re4 Bb8 92. Re7 Bg3 93. Kb6 Bb8 94. Rf7 Bg3 95. Rf3 Be5 96. Rf8+ Bb8 97. Kc6 Ka7 98. Rf3 Ka8 99. Ra3+ Ba7 100. Ra1 Kb8 101. Rb1+ Ka8 102. Ra1 Kb8 103. Rf1 Ka8 104. Kc7 Bb8+ 105. Kc8 Ba7 106. Rb1 Be3 107. Rb3 Ba7 108. Kc7 Bd4 109. Rb5 Ba7 110. Rg5 1/2-1/2

[Event "98th Caplin Hastings Masters 2024-25"]
[Site "Hastings"]
[Date "2024.12.30"]
[Round "4.37"]
[White "Kim, Taewoo A"]
[Black "Bharat Kumar, Balahari"]
[Result "0-1"]
[ECO "D37"]
[WhiteElo "1863"]
[BlackElo "2063"]
[Annotator "NA"]
[PlyCount "78"]
[EventDate "2024.12.23"]
[EventType "swiss"]
[EventCountry "ENG"]
[SourceTitle "playchess.com"]
[Source "ChessBase"]
[SourceQuality "1"]
[TimeControl "5400+30"]

1. d4 d5 2. c4 e6 3. Nf3 a6 4. c5 Nf6 5. Nc3 Nbd7 6. Bf4 Be7 7. e3 O-O 8. Bd3 c6 9. O-O a5 10. a3 Nh5 11. b4 Nxf4 12. exf4 Qc7 13. g3 b6 14. Qe2 g6 15. h4 Bf6 16. Ne5 Bg7 17. h5 g5 18. h6 Bf6 19. Rae1 axb4 20. axb4 Nxe5 21. fxe5 Bd8 22. f4 f5 23. g4 gxf4 24. gxf5 exf5 25. Kh1 Kh8 26. Rxf4 Bg5 27. Rf3 Be6 28. Rg1 Qe7 29. Qh2 f4 30. Qh5 Rg8 31. Ne2 bxc5 32. bxc5 Raf8 33. Qh2 Qf7 34. Rg2 Bf5 35. Ng1 Be4 36. Rff2 Bxd3 37. Nf3 Be4 38. Qh3 Bxf3 39. Rxf3 Rg6 0-1

[Event "98th Caplin Hastings Masters 2024-25"]
[Site "Hastings"]
[Date "2024.12.30"]
[Round "4.38"]
[White "Gorainow, Nikita"]
[Black "Buckland, Louis"]
[Result "1-0"]
[ECO "B15"]
[WhiteElo "2045"]
[BlackElo "1856"]
[Annotator "NA"]
[PlyCount "113"]
[EventDate "2024.12.23"]
[EventType "swiss"]
[EventCountry "ENG"]
[SourceTitle "playchess.com"]
[Source "ChessBase"]
[SourceQuality "1"]
[TimeControl "5400+30"]

1. e4 c6 2. d4 d5 3. Nd2 dxe4 4. Nxe4 Nf6 5. Nxf6+ exf6 6. c3 Bd6 7. Bd3 O-O 8. Ne2 Re8 9. O-O Nd7 10. Ng3 Nf8 11. f4 c5 12. d5 Ng6 13. c4 Qc7 14. Qf3 Bd7 15. Bd2 b5 16. b3 bxc4 17. bxc4 Rab8 18. Ne4 Be7 19. Bc3 Kh8 20. Rad1 Bd6 21. g3 Bh3 22. Rfe1 Qd7 23. Nf2 Bf5 24. Bxf5 Qxf5 25. Ne4 Qd7 26. Nxf6 gxf6 27. Bxf6+ Kg8 28. f5 Be5 29. fxg6 Bxf6 30. Qxf6 hxg6 31. d6 Re6 32. Rxe6 Qxe6 33. Qxe6 fxe6 34. Kf2 Kf7 35. Ke3 Ke8 36. Ke4 Kd7 37. Ke5 Rb2 38. Kf6 Rxh2 39. g4 Rc2 40. g5 Rxc4 41. Kxg6 Rd4 42. Rf1 Kxd6 43. Kf7 Rg4 44. g6 c4 45. g7 Kc5 46. g8=Q Rxg8 47. Kxg8 c3 48. Kf7 Kc4 49. Kxe6 c2 50. a4 a5 51. Kd6 Kb4 52. Kd5 Kxa4 53. Kc4 Ka3 54. Kc3 Ka2 55. Kxc2 a4 56. Rf3 a3 57. Rc3 1-0

[Event "98th Caplin Hastings Masters 2024-25"]
[Site "Hastings"]
[Date "2024.12.30"]
[Round "4.39"]
[White "Flynn, David"]
[Black "Burrows, Martin P"]
[Result "0-1"]
[ECO "B23"]
[WhiteElo "1834"]
[BlackElo "2042"]
[Annotator "RC"]
[PlyCount "82"]
[EventDate "2024.12.23"]
[EventType "swiss"]
[EventCountry "ENG"]
[SourceTitle "playchess.com"]
[Source "ChessBase"]
[SourceQuality "1"]
[TimeControl "5400+30"]

1. e4 c5 2. Nc3 Nc6 3. Bb5 Nd4 4. Nf3 Nxb5 5. Nxb5 d6 6. d4 Nf6 7. dxc5 Qa5+ 8. Nc3 Nxe4 9. cxd6 Nxc3 10. Qd2 Bg4 11. Qxc3 Qxc3+ 12. bxc3 exd6 13. Nd4 Be7 14. Bf4 O-O 15. f3 Bd7 16. O-O-O d5 17. Rhe1 Ba3+ 18. Kd2 Rfe8 19. Rxe8+ Rxe8 20. Rb1 b6 21. Re1 Rxe1 22. Kxe1 h5 23. Kd2 f6 24. Kd3 b5 25. Bb8 a5 26. Bc7 a4 27. Bf4 g5 28. Bg3 h4 29. Be1 Kf7 30. g3 h3 31. Bd2 Bd6 32. f4 Kg6 33. Be3 Kh5 34. Ne2 Kg4 35. fxg5 fxg5 36. Ng1 Be5 37. Bf2 Bf5+ 38. Kd2 Be4 39. Be1 Bb8 40. Bf2 Bg6 41. Be3 Bf7 0-1

[Event "98th Caplin Hastings Masters 2024-25"]
[Site "Hastings"]
[Date "2024.12.30"]
[Round "4.40"]
[White "Marusenko, Petr"]
[Black "Miller, Daniel"]
[Result "1-0"]
[ECO "B14"]
[WhiteElo "2021"]
[BlackElo "2093"]
[Annotator "NA"]
[PlyCount "133"]
[EventDate "2024.12.23"]
[EventType "swiss"]
[EventCountry "ENG"]
[SourceTitle "playchess.com"]
[Source "ChessBase"]
[SourceQuality "1"]
[TimeControl "5400+30"]

1. d4 Nf6 2. c4 g6 3. Nc3 d5 4. Nf3 Bg7 5. cxd5 Nxd5 6. e3 O-O 7. Bc4 Nb6 8. Bb3 c5 9. h3 cxd4 10. exd4 Nc6 11. d5 Na5 12. O-O Bxc3 13. bxc3 Nxb3 14. axb3 Qxd5 15. c4 Qxd1 16. Rxd1 f6 17. Be3 Bf5 18. Nd4 Bd7 19. Ra5 Nc8 20. Nc2 Bf5 21. Nb4 Nd6 22. Rxa7 Rxa7 23. Bxa7 b5 24. Nd5 Kf7 25. Bc5 bxc4 26. Nxe7 Ne4 27. Nxf5 Nxc5 28. Nd6+ Ke6 29. Nxc4 Nxb3 30. Rd6+ Ke7 31. Rd5 Ke6 32. Ne3 Rc8 33. h4 h5 34. g3 Nc5 35. Rd4 Nd7 36. Ra4 Ne5 37. Ra6+ Rc6 38. Ra2 Kf7 39. Nd5 Ke6 40. Nf4+ Kf5 41. Kg2 Rc3 42. Ra6 Rc2 43. Nd5 Ng4 44. Ne7+ Ke4 45. Ra4+ Kd3 46. Ra3+ Ke4 47. Ra4+ Kd3 48. Nxg6 Rxf2+ 49. Kg1 Rf5 50. Nf4+ Ke3 51. Nxh5 Rxh5 52. Rxg4 Kf3 53. Rg6 Rf5 54. Kh2 Kf2 55. Kh3 Kf3 56. g4 Rf4 57. g5 fxg5 58. hxg5 Rb4 59. Rf6+ Ke4 60. Kg4 Ke5+ 61. Kh5 Rb1 62. Kg6 Rb7 63. Ra6 Rc7 64. Kh6 Rc1 65. g6 Rh1+ 66. Kg7 Kf5 67. Kf7 1-0

[Event "98th Caplin Hastings Masters 2024-25"]
[Site "Hastings"]
[Date "2024.12.30"]
[Round "4.41"]
[White "Zhou, Yang-Fan"]
[Black "Schimnatkowski, Lukas"]
[Result "1-0"]
[ECO "C54"]
[WhiteElo "2424"]
[BlackElo "2221"]
[Annotator "RC"]
[PlyCount "81"]
[EventDate "2024.12.23"]
[EventType "swiss"]
[EventCountry "ENG"]
[SourceTitle "playchess.com"]
[Source "ChessBase"]
[SourceQuality "1"]
[TimeControl "5400+30"]

1. e4 e5 2. Nf3 Nc6 3. Bc4 Bc5 4. d3 Nf6 5. Bg5 h6 6. Bh4 d6 7. c3 a6 8. Nbd2 Ba7 9. a4 g5 10. Bg3 Qe7 11. O-O Be6 12. b4 Rd8 13. b5 Na5 14. Bxe6 Qxe6 15. d4 Nd7 16. bxa6 bxa6 17. Qe2 f6 18. Qxa6 Bb6 19. Kh1 Ke7 20. Ne1 h5 21. f3 exd4 22. cxd4 Bxd4 23. Rc1 Ra8 24. Qe2 c5 25. f4 h4 26. Bf2 Nc6 27. fxg5 fxg5 28. Nef3 Bf6 29. e5 Ncxe5 30. Ne4 h3 31. Bxc5 hxg2+ 32. Qxg2 Nxf3 33. Qxf3 Rxh2+ 34. Kxh2 Be5+ 35. Kg2 dxc5 36. Nxc5 Nxc5 37. Rxc5 Rd8 38. Re1 Rd2+ 39. Kf1 Qa6+ 40. Rb5 Kd6 41. Rexe5 1-0

[Event "98th Caplin Hastings Masters 2024-25"]
[Site "Hastings"]
[Date "2024.12.30"]
[Round "4.43"]
[White "Ashton, Alannah"]
[Black "Swiatkowski, Dominik"]
[Result "1/2-1/2"]
[ECO "C97"]
[WhiteElo "1953"]
[BlackElo "1744"]
[Annotator "NA"]
[PlyCount "114"]
[EventDate "2024.12.23"]
[EventType "swiss"]
[EventCountry "ENG"]
[SourceTitle "playchess.com"]
[Source "ChessBase"]
[SourceQuality "1"]
[TimeControl "5400+30"]

1. e4 e5 2. Nf3 Nc6 3. Bb5 a6 4. Ba4 Nf6 5. O-O Be7 6. Re1 b5 7. Bb3 d6 8. c3 O-O 9. h3 Na5 10. Bc2 c5 11. d4 Qc7 12. d5 Nc4 13. b3 Nb6 14. Nbd2 c4 15. bxc4 Nxc4 16. Nxc4 Qxc4 17. Ba3 Re8 18. Qd2 Nd7 19. Bd3 Qc7 20. Rac1 Nb6 21. c4 bxc4 22. Bxc4 Nxc4 23. Qb4 Qa5 24. Rxc4 Qxb4 25. Bxb4 Bd7 26. Rc7 Bb5 27. Nd2 Rac8 28. Rec1 Rxc7 29. Rxc7 Bf8 30. g3 Rb8 31. a3 g6 32. f4 exf4 33. gxf4 Re8 34. e5 dxe5 35. d6 a5 36. d7 Bxd7 37. Bxf8 Kxf8 38. Rxd7 exf4 39. Rd5 Re2 40. h4 f3 41. Nxf3 Re3 42. Ng5 h6 43. Rxa5 hxg5 44. hxg5 Re2 45. Ra8+ Kg7 46. Ra5 Re6 47. Kf2 f6 48. Ra7+ Kf8 49. gxf6 Rxf6+ 50. Kg3 Ke8 51. a4 Kd8 52. Rb7 Ra6 53. Rb4 Kc7 54. Rg4 Ra5 55. Kf3 g5 56. Ke3 Kb6 57. Kd3 Rf5 1/2-1/2

[Event "98th Caplin Hastings Masters 2024-25"]
[Site "Hastings"]
[Date "2024.12.30"]
[Round "4.44"]
[White "Dewangan, Aayush"]
[Black "Norinkeviciute, Rasa"]
[Result "1-0"]
[ECO "B90"]
[WhiteElo "1878"]
[BlackElo "1952"]
[Annotator "NA"]
[PlyCount "109"]
[EventDate "2024.12.23"]
[EventType "swiss"]
[EventCountry "ENG"]
[SourceTitle "playchess.com"]
[Source "ChessBase"]
[SourceQuality "1"]
[TimeControl "5400+30"]

1. e4 c5 2. Nf3 d6 3. d4 cxd4 4. Nxd4 Nf6 5. Nc3 a6 6. Be3 e5 7. Nb3 Be6 8. h3 Be7 9. f4 exf4 10. Bxf4 Nc6 11. Qe2 Qc7 12. O-O-O Ne5 13. Kb1 Rc8 14. g4 O-O 15. g5 Nfd7 16. Nd5 Qd8 17. Nxe7+ Qxe7 18. Qd2 Bxb3 19. axb3 Rc6 20. Be2 Nc5 21. Qd5 Qc7 22. Rhf1 Ne6 23. Qd2 Nxf4 24. Rxf4 b5 25. h4 Rc8 26. Rc1 Qe7 27. Rf2 Qe6 28. h5 Nd7 29. Qf4 Ne5 30. Bf1 Rc5 31. Rh2 Rf8 32. Bh3 Qe7 33. Rf1 Nc6 34. g6 Rxh5 35. gxh7+ Kh8 36. Rg1 Qe5 37. Qg4 Rh6 38. Rf2 Ne7 39. Qd7 Rf6 40. Rfg2 Rg6 41. Rd1 Qxe4 42. Rxg6 Nxg6 43. Bf5 Qe7 44. Qxd6 Qxd6 45. Rxd6 Kxh7 46. Rxa6 Rb8 47. c4 f6 48. c5 Kh6 49. c6 Ne7 50. c7 Rf8 51. Rd6 g6 52. Rd8 Rf7 53. Be6 Rg7 54. Rd7 g5 55. Rxe7 1-0

[Event "98th Caplin Hastings Masters 2024-25"]
[Site "Hastings"]
[Date "2024.12.30"]
[Round "4.45"]
[White "Wilson, Matthew R"]
[Black "Prudent, Sylvio"]
[Result "0-1"]
[ECO "B09"]
[WhiteElo "1766"]
[BlackElo "1780"]
[Annotator "NA RC"]
[PlyCount "80"]
[EventDate "2024.12.23"]
[EventType "swiss"]
[EventCountry "ENG"]
[SourceTitle "playchess.com"]
[Source "ChessBase"]
[SourceQuality "1"]
[TimeControl "5400+30"]

1. e4 d6 2. Nc3 Nf6 3. f4 g6 4. Bc4 Bg7 5. Nf3 Nxe4 6. Bxf7+ Kxf7 7. Nxe4 Rf8 8. O-O Kg8 9. d4 Bf5 10. Ng3 Bg4 11. c3 Qc8 12. d5 e5 13. dxe6 Qxe6 14. Qd3 Nc6 15. Bd2 Rae8 16. h3 Bxf3 17. Rxf3 Qd7 18. Kh2 Ne7 19. Re1 d5 20. f5 c6 21. fxg6 Nxg6 22. Rxf8+ Rxf8 23. Kg1 Be5 24. Ne2 Bc7 25. Rf1 Bh2+ 26. Kxh2 Rxf1 27. Ng3 Rf7 28. Nh5 Qf5 29. Qe2 Re7 30. Qd1 Qe5+ 31. Ng3 h5 32. Qc2 Re6 33. Qf5 Qxf5 34. Nxf5 Re2 35. Be3 Rxb2 36. Nd6 Nh4 37. Bxa7 Rxg2+ 38. Kh1 Rxa2 39. Bd4 Nf3 40. Bg1 Ra1 0-1

[Event "98th Caplin Hastings Masters 2024-25"]
[Site "Hastings"]
[Date "2024.12.30"]
[Round "4.46"]
[White "Butt, Laurence"]
[Black "Jukes, Sam"]
[Result "0-1"]
[ECO "A45"]
[WhiteElo "1818"]
[BlackElo "1911"]
[Annotator "NA RC"]
[PlyCount "74"]
[EventDate "2024.12.23"]
[EventType "swiss"]
[EventCountry "ENG"]
[SourceTitle "playchess.com"]
[Source "ChessBase"]
[SourceQuality "1"]
[TimeControl "5400+30"]

1. d4 Nf6 2. Bg5 c5 3. d5 Ne4 4. Bc1 Qa5+ 5. c3 d6 6. f3 Nf6 7. e4 g6 8. Na3 Bg7 9. Nc4 Qc7 10. a4 O-O 11. Be3 Nbd7 12. Qd2 Nb6 13. Nh3 Nxc4 14. Bxc4 Bxh3 15. gxh3 Qd7 16. Qg2 e6 17. dxe6 fxe6 18. O-O d5 19. Rfd1 Qc6 20. Bb5 Qc7 21. Bf2 Nh5 22. Bg3 Nxg3 23. hxg3 c4 24. a5 Qc5+ 25. Kh2 Qxb5 26. exd5 exd5 27. f4 Rad8 28. Rd2 d4 29. Rad1 d3 30. Ra1 a6 31. h4 Rfe8 32. Rf1 Re3 33. g4 Rde8 34. Rff2 R8e7 35. f5 Qe5+ 36. Kh1 Rg3 37. Qf1 Qd5+ 0-1

[Event "98th Caplin Hastings Masters 2024-25"]
[Site "Hastings"]
[Date "2024.12.30"]
[Round "4.47"]
[White "Choi, Hyunbin"]
[Black "Vaidyanathan, Sathya"]
[Result "0-1"]
[ECO "C50"]
[WhiteElo "1673"]
[BlackElo "1908"]
[Annotator "RC"]
[PlyCount "105"]
[EventDate "2024.12.23"]
[EventType "swiss"]
[EventCountry "ENG"]
[SourceTitle "playchess.com"]
[Source "ChessBase"]
[SourceQuality "1"]
[TimeControl "5400+30"]

1. e4 e5 2. Nf3 Nc6 3. Bc4 Bc5 4. d3 Nf6 5. O-O d6 6. Bg5 O-O 7. h3 h6 8. Bh4 Be6 9. Nbd2 a6 10. c3 b5 11. Bb3 g5 12. Bg3 Bxb3 13. Nxb3 Bb6 14. Re1 Re8 15. Qc2 Nh5 16. Bh2 Qf6 17. Rad1 Nf4 18. Bxf4 Qxf4 19. Nc1 Rad8 20. Ne2 Qf6 21. Ng3 Ne7 22. d4 Ng6 23. Nh5 Qe7 24. Nh2 Nf4 25. Ng4 Nxh5 26. Nxh6+ Kh7 27. Nf5 Qf6 28. Qe2 Ng7 29. Ne3 exd4 30. Nd5 Qg6 31. cxd4 Ba5 32. Rf1 c6 33. Ne3 Qxe4 34. Rc1 Bb6 35. Qd2 Qxd4 36. Qc2+ Qe4 37. Qxc6 Qxc6 38. Rxc6 Bxe3 39. fxe3 Kg6 40. Rxa6 Rxe3 41. Ra7 Nf5 42. g4 Nh6 43. Rb7 Rxh3 44. Rxb5 Rg3+ 45. Kf2 Rxg4 46. Ke2 Rf4 47. Ra1 g4 48. a4 Nf5 49. Kd3 g3 50. a5 g2 51. Rg1 Nh4 52. Ke3 Rf1 53. Kd4 0-1